 Dungeon Crawl Stone Soup version 0.14-a0-155-gd989017 (webtiles) character file.

155 Malachi the Skirmisher (level 4, 32/38 (39) HPs)
             Began as a Ghoul Fighter on Oct 5, 2013.
             Safely got out of the dungeon.
             The game lasted 00:03:42 (1585 turns).

Malachi the Skirmisher (Ghoul Fighter)              Turns: 1585, Time: 00:03:43

HP  32/38 (39)   AC 11     Str 19      XL: 4   Next: 33%
MP   2/2         EV  2     Int  4      God:
Gold 78          SH 17     Dex  8      Spells:  0 memorised,  3 levels left

Res.Fire  : . . .   See Invis. : .   a - +0 mace
Res.Cold  : + . .   Warding    : .   o - +0 orc plate armour
Life Prot.: + + +   Conserve   : .   c - +0 shield
Res.Poison: +       Res.Corr.  : .   (no helmet)
Res.Elec. : .       Clarity    : .   (no cloak)
Sust.Abil.: . .     Spirit.Shd : .   (no gloves)
Res.Mut.  : .       Stasis     : .   (no boots)
Res.Rott. : +       Flight     : .   (no amulet)
Saprovore : + + +                    (no ring)
                                     (no ring)

@: rotting, slightly resistant to hostile enchantments, extremely unstealthy
A: rotting body, claws 1, carnivore 3, cold resistance 1, life protection 3,
poison resistance, saprovore 3, slow healing 1, torment resistance, unbreathing
a: no special abilities


You escaped.
You were not hungry.

You visited 1 branch of the dungeon, and saw 2 of its levels.

You collected 58 gold pieces.

Inventory:

Hand weapons
 a - a +0,+0 mace (weapon)
Missiles
 e - 8 tomahawks (quivered)
Armour
 c - a +0 shield (worn)
 o - a +0 orcish plate armour (worn)
Magical devices
 b - a wand of enslavement (13) {unknown}
Comestibles
 j - a chunk of adder flesh
 q - a rotting chunk of kobold flesh
 r - a rotting chunk of hobgoblin flesh
Scrolls
 d - a scroll of enchant weapon I {unknown}
 f - a scroll of remove curse {unknown}
 g - a scroll of enchant weapon II {unknown}
 h - 2 scrolls of identify {unknown}
 l - a scroll of fog {unknown}
 m - a scroll of curse armour {unknown}
 n - a scroll of blinking {unknown}
Potions
 i - a potion of might {unknown}
 k - a potion of slowing {unknown}


   Skills:
 + Level 3.6 Fighting
 * Level 2.5 Maces & Flails
 + Level 3.1 Armour
 + Level 1.1 Dodging
 + Level 3.2 Shields


You had 3 spell levels left.
You didn't know any spells.

Dungeon Overview and Level Annotations

Branches:
Dungeon (2/27)

Altars:


Innate Abilities, Weirdness & Mutations

Your body is rotting away.
You have sharp fingernails.
You are carnivorous and can eat meat at any time.
Your flesh is cold resistant.
You are immune to negative energy.
Your system is resistant to poisons.
You thrive on rotten meat.
You heal slowly.
You are immune to unholy pain and torment.
You can survive without breathing.


Message History

No target in view!
You see here an adder corpse.
You start butchering the adder corpse with your claws.
You continue butchering the corpse.
Wow!
There is something tasty in your inventory. (slot q)
You continue butchering the corpse.
You finish ripping the adder corpse into pieces.
j - a chunk of adder flesh You smell something rotten. (slot r)
You see here a robe.
You see here 8 tomahawks.
e - 8 tomahawks
There is a stone staircase leading up here.
You climb upwards.
There is a stone staircase leading down here.
Unknown command.
You feel your flesh rotting away.
There is a staircase leading out of the dungeon here.
Are you sure you want to leave the Dungeon?
This will make you lose the game!
You have escaped!

#.# #.# #####.# #.#
#.....# #.# #.##########
#.## #.#
###....##########...
#.###.................##
#....P...P.##########.#
#.##.......### #.#
#.##...@.....# #.##
#.##.......#.### #...
#.##.P...P.....# #.##
#.........####.# #.#
####.##..># #.# #.##
#.###..# #.# #..# #.#
#..# #.# ##.# #.#
#..####.######... #.#
#................


There were no monsters in sight!

Vanquished Creatures
  Jessica (D:2)
  A giant mite (D:1)
  2 adders (D:2)
  4 bats
  4 giant cockroaches
  7 hobgoblins
  4 kobolds
  A quokka (D:2)
  3 giant geckos
  A giant newt (D:1)
  6 rats
34 creatures vanquished.

Notes
Turn   | Place    | Note
--------------------------------------------------------------
     0 | D:1      | Malachi, the Ghoul Fighter, began the quest for the Orb.
     0 | D:1      | Reached XP level 1. HP: 19/19 MP: 0/0
   146 | D:1      | Reached XP level 2. HP: 7/23 MP: 1/1
   613 | D:1      | Reached XP level 3. HP: 29/33 MP: 2/2
  1489 | D:2      | Noticed Jessica
  1494 | D:2      | Killed Jessica
  1494 | D:2      | Reached skill level 1 in Dodging
  1494 | D:2      | Reached XP level 4. HP: 39/39 MP: 2/2
  1585 | D:$      | Safely got out of the dungeon.

Action                   |  1- 3 |  4- 6 || total
-------------------------+-------+-------++-------
Melee: Mace              |   118 |    17 ||   135
